 Dungeon Crawl Stone Soup version 0.30.1 (webtiles) character file.

Game seed: 11253916600918922562

4127 Babbit the Cleaver (level 10, -1/129 HPs)
             Began as a Minotaur Fighter on July 7, 2023.
             Was a Believer of the Shining One.
             Collided with a stone wall (14 damage)
             ... caused by a wretched star
             ... on level 1 of the Abyss.
             The game lasted 01:06:29 (6546 turns).

Babbit the Cleaver (Minotaur Fighter)               Turns: 6546, Time: 01:06:30

Health: -1/129     AC: 17    Str: 26    XL:     10   Next: 6%
Magic:  16/16      EV: 12    Int:  6    God:    the Shining One [**....]
Gold:   397        SH:  5    Dex: 15    Spells: 9/9 levels left

rFire   + + +        G - +6 dagger of Bivihan {flame, +Blink rF++ Will- Str+3}
rCold   . . .        c - +0 buckler
rNeg    + . .        H - +7 scale mail of Valiance {MP+9 Int+3 Dex+3}
rPois   .            (helmet restricted)
rElec   .            (no cloak)
rCorr   .            (no gloves)
SInv    .            K - +1 pair of boots
Will    .....        a - amulet of regeneration Stlth
                     A - +6 ring of strength
HPRegen 1.21/turn    u - ring of protection from fire
MPRegen 0.15/turn

%: random rage (9%)
@: berserking, about to teleport, glowing, unable to drink, very quick
A: horns 2, retaliatory headbutt, [berserk 2], [dopey 2], [low MP 2], [weak 2],
[no potion heal 2], [subdued magic 2], [inability to drink after injury 2]
a: Renounce Religion, Evoke Blink, Divine Shield


You were on level 1 of the Abyss.
You worshipped the Shining One.
The Shining One was pleased with you.
You visited 1 branch of the dungeon, and saw 9 of its levels.
You visited the Abyss 1 time.

You collected 562 gold pieces.
You spent 165 gold pieces at shops.

Inventory:

Hand Weapons
 b - a +2 war axe of electrocution
 m - a +2 dire flail of freezing
 z - a +2 broad axe of venom
 G - the +6 dagger of Bivihan (weapon) {flame, +Blink rF++ Will- Str+3}
   (You took it off an orc on level 5 of the Dungeon)

   Str:       It affects your strength (+3).
   rF:        It greatly protects you from fire.
   +Blink:    It lets you blink.
   Will:      It decreases your willpower.
 L - a +4 morningstar
Missiles
 o - 24 stones
 D - a throwing net
Armour
 c - a +0 buckler (worn)
 t - a scarf of invisibility
 H - the +7 scale mail of Valiance (worn) {MP+9 Int+3 Dex+3}
   (You took it off an orc on level 5 of the Dungeon)

   Int:       It affects your intelligence (+3).
   Dex:       It affects your dexterity (+3).
   MP:        It affects your magic capacity (+9).
 K - a +1 pair of boots (worn)
Jewellery
 a - an amulet of regeneration (around neck)
 u - a ring of protection from fire (right hand)
 w - a ring of positive energy
 A - a +6 ring of strength (left hand)
 E - a ring of protection from cold
Wands
 g - a wand of acid (13)
 p - a wand of flame (11) (quivered)
 M - a wand of iceblast (14)
Scrolls
 e - a scroll of enchant weapon
 j - a scroll of noise
 n - a scroll of poison {unknown}
 q - 3 scrolls of identify
 r - a scroll of teleportation
 x - a scroll of amnesia {unknown}
 y - 2 scrolls of fog {unknown}
 B - a scroll of summoning {unknown}
 F - a scroll of immolation {unknown}
 J - a scroll of acquirement {unknown}
Potions
 d - 2 potions of mutation {unknown}
 f - a potion of lignification {unknown}
 h - a potion of attraction {unknown}
 i - 4 potions of curing
 k - a potion of berserk rage {unknown}
 l - 2 potions of heal wounds
 s - 2 potions of brilliance {unknown}
 v - a potion of cancellation {unknown}
 C - a potion of degeneration {unknown}
 I - 3 potions of ambrosia


   Skills:
 + Level 7.4 Fighting
 + Level 7.7 Short Blades
 + Level 8.8 Axes
 + Level 0.5 Throwing
 + Level 8.5 Armour
 + Level 4.5 Dodging
 + Level 1.2 Stealth
 + Level 5.9 Shields
 + Level 1.3 Evocations


You had 9 spell levels left.
You didn't know any spells.
Your spell library contained the following spells:

 Spells                   Type           Power      Damage    Failure   Level
 Poisonous Vapours        Pois/Air       0%         N/A       82%         2
 Ignite Poison            Fire/Tmut/Pois 0%         N/A       96%         3
 Mephitic Cloud           Conj/Pois/Air  0%         N/A       96%         3
 Sticky Flame             Conj/Fire      0%         2d3       100%        4
 Summon Ice Beast         Ice/Summ       0%         N/A       100%        4
 Freezing Cloud           Conj/Ice/Air   0%         6-21      100%        5
 Summon Mana Viper        Hex/Summ       0%         N/A       100%        5
 Simulacrum               Ice/Necr       0%         N/A       100%        6
 Monstrous Menagerie      Summ           0%         N/A       100%        7
 Ozocubu's Refrigeration  Ice            0%         4d7       100%        7
 Ignition                 Fire           0%         3d3       100%        8
 Polar Vortex             Ice            0%         N/A       100%        9


Dungeon Overview and Level Annotations

Branches:
Dungeon (9/15)             Temple (0/1) D:6
   Lair: D:8-11         Orc: D:9-12

Altars:
Cheibriados
Fedhas
Kikubaaqudgha
The Shining One

Shops:
D:4 (   D:8 (

Annotations:
D:1 1 transporter
D:9 Erolcha


Innate Abilities, Weirdness & Mutations

You have a pair of horns on your head.
You reflexively headbutt those who attack you in melee.
[You have an uncontrollable temper.]
[You are very dopey. (Int -4)]
[Your magical capacity is very low. (-20% MP)]
[You are very weak. (Str -4)]
[Potions cannot restore your health.]
[Your spells are easier to cast, but less powerful.]
[You sometimes lose the ability to drink potions when taking damage.]


Message History

Your connection to magic feels more subdued.
Aiming: Throw Flame
Press: ? - help, Q - select action, (/) - cycle Shift-Dir - straight line, f/p - wretched star
Aim: a wretched star (heavily damaged, 68% to hit)
The puff of flame misses the wretched star.
The wretched star glows turbulently.
The lance of force hits you!
* * * LOW HITPOINT WARNING * * *
You are knocked back by the lance of force.
You slam into the stone wall!
* * * LOW HITPOINT WARNING * * *
You cannot drink potions in your current state!
Okay, then.
As you read the scroll of teleportation, it crumbles to dust.
You feel strangely unstable.
You feel the power of the Abyss delaying your translocation!
Aiming: Throw Flame
Press: ? - help, Q - select action, (/) - cycle Shift-Dir - straight line, f/p - wretched star
Aim: a wretched star (heavily damaged, haloed, 79% to hit)
The puff of flame hits the wretched star but does no damage.
The wretched star is heavily damaged.
The wretched star glows turbulently.
The lance of force hits you.
* * * LOW HITPOINT WARNING * * *
You are knocked back by the lance of force.
You slam into the stone wall!
* * * LOW HITPOINT WARNING * * *
You hit the wretched star. You burn the wretched star.
The wretched star is severely damaged.
A red film seems to cover your vision as you go berserk!
You feel yourself moving faster!
You feel mighty!
You hit the wretched star but do no damage.
Your headbutt misses the wretched star.
The wretched star is severely damaged.
The wretched star glows turbulently.
The lance of force hits you!! The Shining One protects you from harm!
You are knocked back by the lance of force.
You slam into the stone wall!
You die...

.. .# #.#.. # ...
..... #.#..##.# .
. .. .## ..#.#.#
# #.. .. 8..
##......##.#....
. .. ..
##..#...#.......
.. .
.......#.#...# .
.
......##.....##..
# . .
........##..*.# #
# ... ...
#.....@.# ..
...... .#.#..####
# . .... .##...#
#..#.# ...#.# .
.###..#... . . .
#.. . #


You could see a wretched star.

Vanquished Creatures
  A two-headed ogre (D:8)
  Maggie (D:7)
  Psyche (D:8)
  The ghost of DemonSlayer the Digger, a novice DsEE of Dithmenos (D:5)
  2 water moccasins
  Duvessa (D:7)
  3 orc warriors
  3 black bears
  An ice beast (D:8)
  A phantom (D:5)
  3 kobold brigands
  3 bullfrogs
  3 scorpions
  4 wights (D:8)
  Dowan (D:7)
  4 howler monkeys
  2 hounds
  2 orc priests
  A jelly (D:7)
  A sleepcap (D:7)
  2 iguanas
  8 orc wizards
  Robin (D:4)
  6 adders
  4 gnolls (D:6)
  2 shadow imps
  6 white imps
  A worm (D:4)
  4 dart slugs
  14 orcs
  6 endoplasms
  4 giant cockroaches
  14 goblins
  9 hobgoblins
  17 kobolds
  5 quokkas
  5 ball pythons
  3 bats
  3 frilled lizards
  4 rats
157 creatures vanquished.

Notes
Turn   | Place    | Note
-------+----------+-------------------------------------------
     0 | D:1      | Babbit the Minotaur Fighter began the quest for the Orb.
     0 | D:1      | Reached XP level 1. HP: 19/19 MP: 0/0
    83 | D:1      | You fall into a shaft and drop 1 floor!
   216 | D:1      | Reached XP level 2. HP: 27/27 MP: 1/1
   578 | D:1      | Reached XP level 3. HP: 33/33 MP: 2/2
  1389 | D:3      | Found an ancient bone altar of Kikubaaqudgha.
  1390 | D:3      | Found a glowing golden altar of the Shining One.
  1418 | D:3      | Became a worshipper of the Shining One
  1469 | D:3      | Identified the +6 dagger "Esyz" {drain, rElec}
  2179 | D:4      | Noticed Robin
  2204 | D:4      | Killed Robin
  2205 | D:4      | Reached XP level 4. HP: 34/40 MP: 3/3
  2245 | D:4      | Noticed a black bear
  2252 | D:4      | Killed a black bear
  2253 | D:4      | Reached XP level 5. HP: 28/47 MP: 4/4
  2318 | D:4      | Found Mejiemam's Weapon Emporium.
  2322 | D:4      | Bought a +1 broad axe of venom for 165 gold pieces
  2343 | D:4      | Reached skill level 5 in Armour
  2343 | D:4      | Reached skill level 1 in Dodging
  2344 | D:4      | Reached skill level 5 in Axes
  2344 | D:4      | Reached XP level 6. HP: 50/55 MP: 5/5
  2740 | D:5      | Entered Level 5 of the Dungeon
  2786 | D:5      | Noticed a water moccasin
  2797 | D:5      | Killed a water moccasin
  2798 | D:5      | Reached skill level 5 in Fighting
  2836 | D:5      | Reached skill level 1 in Evocations
  2836 | D:5      | Reached XP level 7. HP: 52/61 MP: 6/6
  3059 | D:5      | Noticed DemonSlayer's ghost (novice DsEE)
  3059 | D:5      | Reached * piety under the Shining One
  3062 | D:5      | Identified the +6 dagger of Bivihan {flame, +Blink rF++
                  | Will- Str+3}
  3062 | D:5      | Identified the +7 scale mail of Valiance {MP+9 Int+3 Dex+3}
  3064 | D:5      | Found a runed translucent gate.
  3066 | D:5      | Found a runed translucent gate.
  3067 | D:5      | Found a runed translucent gate.
  3286 | D:5      | Found a snail-covered altar of Cheibriados.
  3435 | D:5      | Killed DemonSlayer's ghost
  3590 | D:6      | Reached XP level 8. HP: 66/69 MP: 7/7
  3725 | D:6      | Found a staircase to the Ecumenical Temple.
  3757 | D:6      | Reached skill level 1 in Short Blades
  4444 | D:7      | Noticed Maggie
  4462 | D:7      | Killed Maggie
  4463 | D:7      | Reached skill level 5 in Shields
  4648 | D:7      | Reached ** piety under the Shining One
  4694 | D:7      | Reached XP level 9. HP: 69/75 MP: 8/8
  5037 | D:7      | Noticed Dowan
  5041 | D:7      | Noticed Duvessa
  5052 | D:7      | Killed Duvessa
  5059 | D:7      | Killed Dowan
  5410 | D:8      | Reached skill level 5 in Short Blades
  5656 | D:8      | Found a blossoming altar of Fedhas.
  5687 | D:8      | Noticed a two-headed ogre
  5696 | D:8      | Killed a two-headed ogre
  5697 | D:8      | Reached skill level 1 in Stealth
  5760 | D:8      | Found Uvvaj's Weapon Shop.
  6343 | D:8      | Noticed Psyche
  6352 | D:8      | Killed Psyche
  6353 | D:8      | Reached XP level 10. HP: 81/86 MP: 9/9
  6482 | D:9      | Noticed Erolcha
  6502 | Abyss:1  | Cast into level 1 of the Abyss (Erolcha)
  6520 | Abyss:1  | Noticed a wretched star
  6546 | Abyss:1  | The Shining One protects you from harm!
  6546 | Abyss:1  | Collided with a stone wall

Illustrated notes

Levels and vault maps discovered:
D:1:      spicycebolla_arrival_transporter_tutorial, layout_basic
D:2:      layout_basic, dreamdust_ecumenical_altar_sealed_demon
D:3:      layout_basic, mainiacjoe_overflow_catwalk_spiral
D:4:      layout_loops_ring, serial_shops, shop, uniq_robin,
          uniq_crazy_yiuf_cottage
D:5:      nicolae_cairo_tiling_large_dashed, layout_basic,
          overflow_temple_1_default, biasface_ghost_orc_armoury
D:6:      layout_basic, minmay_temple_entry_offerings, centaur_isle
D:7:      layout_basic, minmay_misc_feat_encased, minmay_misc_feat_roman,
          abandoned_shop, minmay_liquid_box, amcnicky_mini_pool_small,
          corexii_checkpoint_a, minivault_26, dreamdust_princess_corridor,
          minmay_a_box_with_orc_wizards_in_it, uniq_maggie, uniq_duvessa
D:8:      layout_loops_ring, general_overflow_altar, serial_shops, shop,
          kennysheep_generic_room_10, uniq_psyche
D:9:      layout_big_octagon, enter_bailey_5, serial_column_ruins,
          column_ruins_hut, column_ruins_open_tiny, column_ruins_open_small,
          column_ruins_grid_1, column_ruins_corridor_dead_end,
          column_ruins_grid_1, column_ruins_grid_2, uniq_erolcha
Abyss:1:  base:
D:8

Skill      XL: |  1  2  3  4  5  6  7  8  9 |
---------------+----------------------------+-----
Armour         | 4 5 6 7 8 |  8.5
Shields        | 4 5 |  5.9
Fighting       | 4 5 6 7 |  7.4
Axes           | 3 4 5 6 7 8 |  8.8
Dodging        | 1 2 3 4 |  4.5
Evocations     | 1 |  1.3
Short Blades   | 4 7 |  7.7
Stealth        | 1 |  1.2
Throwing       | |  0.5

Action                     |  1- 3 |  4- 6 |  7- 9 | 10-12 || total
---------------------------+-------+-------+-------+-------++-------
  Melee: War axe           |   105 |     5 |       |       ||   110
         Headbutt          |    12 |     9 |    67 |     7 ||    95
         Broad axe         |       |    37 |    32 |       ||    69
         Dagger            |       |       |   223 |    25 ||   248
  Throw: Stone             |     5 |       |       |       ||     5
  Evoke: Wand              |     2 |     1 |     3 |     7 ||    13
    Use: Scroll            |       |     1 |     7 |     1 ||     9
         Potion            |       |     1 |     1 |       ||     2
 Armour: Scale mail        |    54 |    21 |    84 |     3 ||   162
  Dodge: Dodged            |    37 |    12 |   105 |     8 ||   162
  Block: Buckler           |    21 |     7 |    52 |     2 ||    82
